 Dungeon Crawl Stone Soup version bcrawl-1.19.1 (webtiles) character file.

Game seed: 4556389789806695640

315 Morbidden the Ducker (level 6, -1/78 HPs)
             Began as a Minotaur Archaeologist on Nov 22, 2019.
             Engulfed by a steam dragon's steam (2 damage)
             ... on level 4 of the Dungeon.
             The game lasted 00:04:01 (3022 turns).

Morbidden the Ducker (Minotaur Archaeologist)       Turns: 3022, Time: 00:04:02

Health: -1/78      AC: 23    Str: 19    XL:     6   Next: 20%
Magic:  4/4        EV:  2    Int: 16    God:
Gold:   182        SH:  0    Dex:  9    Spells: 5/5 levels left

rFire    . . .     SeeInvis .   l - +0 dagger (speed)
rCold    . . .     Gourm    .   (no shield)
rNeg     + + +     Faith    .   (armour currently unavailable)
rPois    +         Spirit   .   (helmet currently unavailable)
rElec    .         Reflect  .   (cloak currently unavailable)
rCorr    .         Harm     .   (gloves currently unavailable)
MR       .....     NoTele   +   (boots currently unavailable)
Stlth    ++........             (no amulet)
HPRegen  0.23/turn              (no ring)
MPRegen  0.09/turn              (no ring)

@: brilliant, tree-form, hasted, studying Short Blades, very quick
A: (retaliatory headbutt), low mp 1, strong 1
a: no special abilities


You were on level 4 of the Dungeon.
You were not hungry.
You were a tree.
You visited 1 branch of the dungeon, and saw 4 of its levels.

You collected 182 gold pieces.

Inventory:

Hand Weapons
 l - a +0 dagger of speed (weapon)
 q - a +0 short sword of protection
Armour
 b - a +1 robe (melded)
 c - a +1 hat (melded)
 d - a +1 pair of boots (melded)
Scrolls
 a - a scroll of teleportation {unknown}
 i - 2 scrolls of fear {unknown}
 j - 4 scrolls of identify {unknown}
 k - 2 scrolls of enchant armour {unknown}
 n - a scroll of amnesia {unknown}
Books
 e - a manual of Short Blades
Miscellaneous
 f - an ancient crate
Comestibles
 g - 2 rations {!d}
 s - 2 chunks of flesh


   Skills:
 * Level 3.7 Fighting
 + Level 3.5 Short Blades
   Level 2.0 Maces & Flails
 + Level 4.6 Dodging
 - Level 4.2 Stealth


You had 5 spell levels left.
You didn't know any spells.
Your spell library was empty.

Dungeon Overview and Level Annotations

Branches:
Dungeon (4/12)
 Temple: D:4-7

Altars:


Innate Abilities, Weirdness & Mutations

((You reflexively headbutt those who attack you in melee.))
((You have a pair of horns on your head.))
Your magical capacity is low. (-10% MP)
Your muscles are strong. (Str +2)


Message History

The steam dragon is severely wounded.
The steam dragon bites you but does no damage.
The steam dragon claws you but does no damage.
You hit the steam dragon.
The steam dragon is almost dead.
You hit the steam dragon but do no damage.
The steam dragon is almost dead.
The dart slug launches a dart at you.
Helpless, you fail to dodge the slug dart.
The steam dragon breathes steam at you. The ball of steam hits you!
* * * LOW HITPOINT WARNING * * *
You hit the steam dragon but do no damage.
The steam dragon is almost dead.
You are engulfed in a cloud of scalding steam.
* * * LOW HITPOINT WARNING * * *
You hit the steam dragon but do no damage.
The steam dragon is almost dead.
You are engulfed in a cloud of scalding steam.
You die...

≈#.# #.... ≈w≈≈# #....
≈≈≈≈≈# ## #.... ≈≈≈≈≈.
.#. ##### # ≈≈≈≈# .#.#
#.. ≈≈.≈≈≈≈ .#.# #.#
≈≈≈$ #≈#.#.# #.#
?...≈#†D.#.# #.#
≈≈(♣≈#§♣§#.# #.#
≈≈≈≈#≈§§##.###########.#
≈≈≈≈≈≈#§##.............#
≈≈≈≈≈....#.#############
≈≈≈≈≈#†..#.# #
≈≈≈≈###††..# # ≈≈.#
#..#........ # ≈##
#..##....$... # ...#
##>....?. #


You could see a steam dragon and a dart slug.

Vanquished Creatures
  A sky beast (D:2)
  A crimson imp (D:3)
  A howler monkey (D:2)
  Terence (D:2)
  6 adders
  An ooze (D:2)
  A worm (D:3)
  2 dart slugs (D:4)
  3 leopard geckos
  5 orcs
  3 giant cockroaches
  6 goblins
  4 hobgoblins
  3 jackals (D:3)
  2 quokkas
  6 bats
  4 frilled lizards
  9 kobolds
  6 rats
65 creatures vanquished.

Vanquished Creatures (others)
  3 dart slugs (D:4)
3 creatures vanquished.

Grand Total: 68 creatures vanquished

Notes
Turn   | Place    | Note
-------+----------+-------------------------------------------
     0 | D:1      | Morbidden the Minotaur Archaeologist began the quest for
                  | the Orb.
     0 | D:1      | Reached XP level 1. HP: 16/16 MP: 0/0
   571 | D:1      | Reached XP level 2. HP: 24/24 MP: 1/1
   676 | D:2      | Noticed a howler monkey
   690 | D:2      | Killed a howler monkey
   690 | D:2      | Reached XP level 3. HP: 18/29 MP: 2/2
  1124 | D:2      | Noticed Terence
  1147 | D:2      | Killed Terence
  1147 | D:2      | Reached skill level 1 in Short Blades
  1147 | D:2      | Reached XP level 4. HP: 32/37 MP: 3/3
  1216 | D:2      | Noticed a sky beast
  1259 | D:2      | Killed a sky beast
  1259 | D:2      | Reached XP level 5. HP: 11/45 MP: 4/4
  1733 | D:2      | Found a faded altar of an unknown god.
  2534 | D:3      | Reached XP level 6. HP: 48/51 MP: 5/5
  2961 | D:4      | Noticed a steam dragon
  2998 | D:4      | Gained mutation: Your magical capacity is low. (-10% MP)
                  | [potion of mutation]
  2998 | D:4      | Gained mutation: Your muscles are strong. (Str +2) [potion
                  | of mutation]
  3021 | D:4      | HP: 1/78 [steam dragon] (4)]
  3022 | D:4      | Engulfed by a steam dragon's steam

Skill      XL: |  1  2  3  4  5 |
---------------+----------------+-----
Fighting       | 2 3 |  3.7
Stealth        | 3 4 |  4.2
Dodging        | 4 |  4.6
Short Blades   | 1 3 |  3.5
Maces & Flails | 2 |  2.0

Action                   |  1- 3 |  4- 6 || total
-------------------------+-------+-------++-------
Melee: Whip              |    17 |       ||    17
       Dagger            |    69 |   235 ||   304
       Headbutt          |    11 |    26 ||    37
  Use: Potion            |       |     8 ||     8
 Stab: Sleeping          |    10 |     8 ||    18
  Eat: Chunk             |     1 |     6 ||     7
Armor: Robe              |    22 |    47 ||    69
       Skin              |       |    31 ||    31
Dodge: Dodged            |    28 |   100 ||   128
